 Seeded DCSS version 0.30.0-17-ge0270778cf (webtiles) character file.

Game seed: 8130995716777002863 (custom seed)

484 RascalDebosk the Magician (level 7, -4/51 HPs)
             Began as a Djinni Warper on May 22, 2023.
             Was an Initiate of Ashenzari.
             Slain by a black bear (7 damage)
             ... on level 4 of the Dungeon.
             The game lasted 00:30:16 (4238 turns).

RascalDebosk the Magician (Djinni Warper)           Turns: 4238, Time: 00:30:16

Health: -4/51      AC: 10    Str: 10    XL:     7   Next: 35%
Gold:   266        EV: 11    Int: 17    God:    Ashenzari [......] SH:  0 Dex: 12

rFire   + + +        j - +2 long sword (holy)
rCold   + . .        (no shield)
rNeg    . . .        b - +0 leather armour
rPois   ∞            k - +0 helmet
rElec   .            (no cloak)
rCorr   .            i - +5 pair of gloves of the Thunderstorm {+Blink rF+ rC++ SInv}
SInv    +            (boots unavailable)
Will    .....        (no amulet)
Stlth   +            (no ring)
HPRegen 0.28/turn    (no ring)
MPRegen 0.00/turn

%: infuse magic (-5 HP)
@: flying
A: sickness immunity, fire resistance 2, cold vulnerability 1, float, innate
caster, HP casting, extra vitality 1
a: Renounce Religion, Evoke Blink


You were on level 4 of the Dungeon.
You worshipped Ashenzari.
Ashenzari was noncommittal.
You visited 2 branches of the dungeon, and saw 5 of its levels.

You collected 266 gold pieces.

Inventory:

Hand Weapons
 a - a +0 falchion
 j - a +2 long sword of holy wrath (weapon)
Missiles
 d - 2 boomerangs of dispersal (quivered)
 s - 4 boomerangs
Armour
 b - a +0 leather armour (worn)
 i - the +5 pair of gloves of the Thunderstorm (worn) {+Blink rF+ rC++ SInv}
   (You acquired it on level 2 of the Dungeon)

   rF:        It protects you from fire.
   rC:        It greatly protects you from cold.
   SInv:      It lets you see invisible.
   +Blink:    It lets you blink.
 k - a +0 helmet (worn)
Wands
 r - a wand of flame (23)
Scrolls
 g - 2 scrolls of blinking
 m - a scroll of identify {unknown}
 n - a scroll of magic mapping {unknown}
 o - a scroll of fog {unknown}
 p - 2 scrolls of fear
 t - 3 scrolls of teleportation
 v - a scroll of amnesia {unknown}
 w - 2 scrolls of noise {unknown}
 x - a scroll of enchant weapon {unknown}
Potions
 c - 3 potions of attraction {unknown}
 e - 6 potions of curing {unknown}
 f - a potion of degeneration {unknown}
 h - 2 potions of magic {unknown}
 l - a potion of flight {unknown}
 q - a potion of mutation {unknown}
 u - a potion of lignification {unknown}


   Skills:
 * Level 3.8 Fighting
 + Level 2.7 Long Blades
 - Level 0.7 Throwing
 + Level 2.7 Armour
 - Level 2.1 Dodging
 * Level 4.7 Spellcasting


You knew the following spells:

 Your Spells              Type           Power      Damage    Failure   Level
a - Blink                 Tloc           40%        N/A       4%          2
b - Lesser Beckoning      Tloc           40%        N/A       4%          2
c - Vhi's Electric Charg  Tloc/Air       40%        N/A       9%          3
d - Teleport Other        Tloc           20%        N/A       9%          3
e - Manifold Assault      Tloc           20%        N/A       28%         4
f - Freeze                Ice            80%        1d9       2%          1
g - Call Imp              Summ           40%        N/A       4%          2
h - Confusing Touch       Hex            20%        N/A       9%          3
Your spell library was empty.

Dungeon Overview and Level Annotations

Branches:
Dungeon (4/15)             Temple (1/1) D:4

Altars:
Ashenzari
Dithmenos
Elyvilon
Fedhas
Gozag
Hepliaklqana
Okawaru
Ru
Uskayaw
Xom
Yredelemnul
Zin
The Shining One

Annotations:
D:2 Terence
D:3 2 transporters, Twinkles's ghost, amateur HOFi
D:4 2 runed translucent doors, Twinkles's ghost, novice DjHs


Innate Abilities, Weirdness & Mutations

You are immune to sickness and miasma.
You are immune to poison.
Your flesh is very heat resistant. (rF++)
You are vulnerable to cold. (rC-)
You float through the air rather than walking.
You learn spells naturally, not from books.
Your magical power is your life essence.
You have superior vitality. (+4 MHP)


Message History

You hit the iguana but do no damage.
The iguana is almost dead.
The iguana closely misses you.
You barely miss the iguana.
The iguana is almost dead.
The iguana bites you but does no damage.
You hit the iguana.
You kill the iguana!
You see here a +0 short sword.
The black bear growls angrily.
Okay, then.
Okay, then.
A black bear is nearby!
Casting: Manifold Assault (quite dangerous; 28% risk of failure)
Confirm with . or Enter, or press ? or * to list all spells.
Charge where?
Press: ? - help, Dir - move target, f/p - black bear
Aim: a black bear (86% to hit)
You charge forward with an electric crackle!
You barely miss the black bear.
The black bear bites you but does no damage.
The black bear claws you.
The black bear claws you but does no damage.
The black bear bites you. The black bear completely misses you.
The black bear claws you but does no damage.
You barely miss the black bear.
The black bear bites you but does no damage.
The black bear claws you but does no damage.
The black bear misses you.
You barely miss the black bear. The black bear barely misses you. x2
The black bear claws you.
You hit the black bear but do no damage.
The black bear bites you. The black bear claws you. The black bear misses you.
You closely miss the black bear. The black bear completely misses you.
The black bear claws you but does no damage.
The black bear barely misses you. The black bear closely misses you.
The black bear claws you but does no damage.
The black bear barely misses you.
You barely miss the black bear. The black bear bites you.
The black bear claws you.
The black bear claws you but does no damage.
You hit the black bear.
The black bear is lightly wounded.
The black bear bites you but does no damage.
The black bear barely misses you. The black bear closely misses you.
Casting: Vhi's Electric Charge (dangerous; 9% risk of failure)
Confirm with . or Enter, or press ? or * to list all spells.
You blink.
Casting: Blink (safe; 4% risk of failure)
Confirm with . or Enter, or press ? or * to list all spells.
Charge where?
Press: ? - help, Dir - move target, f/p - black bear
Aim: a black bear (lightly wounded, 86% to hit)
You charge forward with an electric crackle!
You slash the black bear and electrocute it!
The black bear is severely wounded.
The black bear goes berserk!
The black bear bites you.
The black bear claws you but does no damage.
The black bear barely misses you.
Casting: Vhi's Electric Charge (dangerous; 9% risk of failure)
Confirm with . or Enter, or press ? or * to list all spells.
You are still too unstable to blink.
You hit the black bear but do no damage.
The black bear is severely wounded.
The black bear barely misses you.
The black bear claws you but does no damage.
The black bear barely misses you. The black bear bites you.
* * * LOW HITPOINT WARNING * * *
The black bear claws you but does no damage. x2
You closely miss the black bear.
The black bear is severely wounded.
You feel stable enough to blink again. The black bear closely misses you.
The black bear claws you but does no damage.
The black bear barely misses you.
Unknown command.
You closely miss the black bear.
The black bear is severely wounded.
The black bear barely misses you. The black bear closely misses you.
The black bear claws you.
* * * LOW HITPOINT WARNING * * *
The black bear bites you.
* * * LOW HITPOINT WARNING * * *
The black bear claws you but does no damage.
The black bear barely misses you.
Casting: Blink (safe; 4% risk of failure)
Confirm with . or Enter, or press ? or * to list all spells.
You blink.
* * * LOW HITPOINT WARNING * * *
The black bear attacks as you move away!
The black bear bites you!
* * * LOW HITPOINT WARNING * * *
The black bear claws you but does no damage. x2
You hit the black bear but do no damage.
The black bear is severely wounded.
You feel stable enough to blink again. The black bear barely misses you.
The black bear claws you but does no damage. x2
The black bear bites you!
You die...

#.##.# ##.###..........
#.~.## #.###..........
#~~..~ #..###.........
+.#..# ####..####........
+.≈.$. ###.................
#.⌠~.# #.........(........#
#~.#.# ##.........###..####
##~.# #.........# #### ###
##.@......## ###
##..h...>.## ###..
#.........# #....
##.........# ##....
##..........# #.....
##...........#♣#.##.....
##...)............♣#.....
###......#####.##♣#.##.....
## #>....#### #.# #.....


You could see a black bear (berserk).

Vanquished Creatures
  An ice beast (D:4)
  An orc priest (D:4)
  Jessica (D:2)
  2 iguanas (D:4)
  3 orc wizards
  Robin (D:2)
  4 adders
  2 gnolls
  An ufetubus (D:4)
  4 dart slugs
  19 orcs
  4 ball pythons
  8 endoplasms
  3 giant cockroaches
  17 goblins
  7 hobgoblins
  6 jackals (D:2)
  4 quokkas (D:1)
  4 bats
  3 frilled lizards
  5 rats
100 creatures vanquished.

Vanquished Creatures (collateral kills)
  5 orcs
  An endoplasm (D:4)
  A jackal (D:2)
7 creatures vanquished.

Grand Total: 107 creatures vanquished

Notes
Turn   | Place    | Note
-------+----------+-------------------------------------------
     0 | D:1      | RascalDebosk the Djinni Warper began the quest for the Orb.
     0 | D:1      | RascalDebosk set off with the following spells memorised:
                  | Blink, Lesser Beckoning, Vhi's Electric Charge, Teleport
                  | Other, Manifold Assault.
     0 | D:1      | Reached XP level 1. HP: 18/18 MP: 0/0
    62 | D:1      | Reached XP level 2. HP: 11/23 MP: 0/0
   156 | D:1      | Reached skill level 3 in Spellcasting
   252 | D:1      | Reached XP level 3. HP: 28/28 MP: 0/0
   252 | D:1      | Learned a level 1 spell: Freeze
   431 | D:1      | Found a faded altar of an unknown god.
   710 | D:2      | Reached XP level 4. HP: 29/33 MP: 0/0
   848 | D:2      | Noticed Jessica
   856 | D:2      | Killed Jessica
   857 | D:2      | Reached skill level 4 in Spellcasting
  1057 | D:2      | Noticed Terence
  1127 | D:2      | Reached XP level 5. HP: 36/38 MP: 0/0
  1127 | D:2      | Learned a level 2 spell: Call Imp
  1134 | D:2      | Identified a scroll of acquirement
  1134 | D:2      | Acquired the +5 pair of gloves of the Thunderstorm {+Blink
                  | rF+ rC++ SInv}
  1151 | D:2      | Noticed Robin
  1489 | D:2      | Killed Robin
  2232 | D:3      | Found a transporter.
  2232 | D:3      | Noticed an ogre
  2232 | D:3      | Noticed Twinkles's ghost (amateur HOFi)
  2233 | D:3      | Identified the +5 great mace of Wyrd {drain, Str+5}
  2233 | D:3      | Noticed an ogre
  2294 | D:3      | Reached XP level 6. HP: 18/45 MP: 0/0
  2407 | D:3      | Found a transporter.
  2774 | D:4      | Noticed an ice beast
  2790 | D:4      | Killed an ice beast
  2956 | D:4      | Found a staircase to the Ecumenical Temple.
  2973 | Temple   | Entered the Ecumenical Temple
  2973 | Temple   | Found a transporter.
  2973 | Temple   | Found a transporter.
  3064 | Temple   | Found a transporter.
  3064 | Temple   | Found a transporter.
  3079 | Temple   | Became a worshipper of Ashenzari the Shackled
  3199 | D:4      | Reached XP level 7. HP: 50/50 MP: 0/0
  3199 | D:4      | Learned a level 3 spell: Confusing Touch
  3291 | D:4      | Found a large runed translucent door.
  3292 | D:4      | Found a large runed translucent door.
  3293 | D:4      | Noticed Twinkles's ghost (novice DjHs)
  4238 | D:4      | Slain by a black bear

Illustrated notes

Levels and vault maps discovered:
D:1:      nicolae_arrival_memento_mori, layout_rooms,
          chequers_ecumenical_altar_grove, minmay_tromino_v4_b
D:2:      layout_basic, uniq_terence, uniq_robin, uniq_jessica
D:3:      kennysheep_big_flooded_room, layout_loops_ring, gammafunk_ghost_smash
D:4:      minmay_wonky_spiral, layout_cave_pods,
          amethyst_overflow_temple_binary, minmay_temple_entry_proselytizer,
          ebering_ghost_disaster_area, minmay_unequal
Temple:   hellmonk_temple_divided_pantheon

Skill      XL: |  1  2  3  4  5  6 |
---------------+-------------------+-----
Spellcasting   | 3 4 |  4.7
Long Blades    | 2 |  2.7
Armour         | 2 |  2.7
Fighting       | 3 |  3.8
Throwing       | |  0.7
Dodging        | |  2.1

Action                     |  1- 3 |  4- 6 |  7- 9 || total
---------------------------+-------+-------+-------++-------
  Melee: Falchion          |   103 |    36 |       ||   139
         Long sword        |       |   135 |    92 ||   227
         Punch             |       |     2 |     1 ||     3
  Throw: Boomerang         |       |     5 |       ||     5
   Cast: Freeze            |     2 |     6 |     2 ||    10
         Call Imp          |       |     5 |     1 ||     6
         Manifold Assault  |       |     1 |     1 ||     2
         Vhi's Electric Ch |       |       |     6 ||     6
         Blink             |       |       |     5 ||     5
         Teleport Other    |       |       |     1 ||     1
    Use: Scroll            |     1 |     3 |       ||     4
   Stab: Distracted        |       |     1 |       ||     1
 Armour: Leather armour    |    47 |    91 |    85 ||   223
  Dodge: Dodged            |    91 |   105 |    73 ||   269
